 Dungeon Crawl Stone Soup version 0.31-a0-151-ge443d1f16c (webtiles) character file.

Game seed: 1134203516146629593

111 qw the Shooter (level 4, -6/38 HPs)
             Began as a Minotaur Hunter on June 8, 2023.
             Mangled by Sigmund
             ... wielding a +0 scythe
              (8 damage)
             ... on level 3 of the Dungeon.
             The game lasted 00:00:37 (1822 turns).

qw the Shooter (Minotaur Hunter)                    Turns: 1822, Time: 00:00:38

Health: -6/38      AC:  7    Str: 15    XL:     4   Next: 62%
Magic:  3/3        EV: 11    Int:  6    God:
Gold:   193        SH:  0    Dex: 16    Spells: 3/3 levels left

rFire   . . .        Y - +0 shortbow
rCold   . . .        (shield currently unavailable)
rNeg    . . .        h - +0 ring mail
rPois   .            (helmet restricted)
rElec   .            e - +0 cloak
rCorr   .            (no gloves)
SInv    .            m - +0 pair of boots
Will    .....        (no amulet)
Stlth   +            (no ring)
HPRegen 0.26/turn    (no ring)
MPRegen 0.08/turn

%: no passive effects
@: no status effects
A: horns 2, retaliatory headbutt
a: no special abilities


You were on level 3 of the Dungeon.
You visited 1 branch of the dungeon, and saw 3 of its levels.

You collected 193 gold pieces.


Innate Abilities, Weirdness & Mutations

You have a pair of horns on your head.
You reflexively headbutt those who attack you in melee.


   Skills:
 + Level 3.1 Fighting
 - Level 6.0 Ranged Weapons
 - Level 2.1 Armour
 - Level 2.1 Dodging
 - Level 0.7 Stealth


You had 3 spell levels left.
You didn't know any spells.
Your spell library was empty.

Inventory:

Hand Weapons
 Y - a +0 shortbow (weapon)
Armour
 e - a +0 cloak (worn)
 h - a +0 ring mail (worn)
 m - a +0 pair of boots (worn)
Scrolls
 f - a scroll of identify
 o - a scroll of teleportation {unknown}
Potions
 a - a potion of brilliance {unknown}
 b - a potion of degeneration {unknown}
 c - a potion of enlightenment {unknown}
 d - a potion of berserk rage {unknown}
 g - a potion of resistance {unknown}
 i - a potion of heal wounds {unknown}
 j - a potion of curing
 k - a potion of cancellation {unknown}
 l - a potion of attraction {unknown}
 n - a potion of lignification {unknown}

Dungeon Overview and Level Annotations

Branches:
Dungeon (3/15)

Altars:

Annotations:
D:3 Sigmund


Message History

Sigmund flickers and vanishes!
Deactivating autopickup; reactivate with Ctrl-A.
You shoot an arrow. The arrow hits the worm!
The worm is heavily wounded.
The kobold barely misses you. Something hits you but does no damage.
The worm bites you.
You shoot an arrow. The arrow hits the worm.
The worm is heavily wounded.
The kobold hits you but does no damage. Something hits you but does no damage.
The worm bites you! The kobold closely misses you.
You shoot an arrow. The arrow completely misses the worm.
The kobold hits you but does no damage. Something hits you.
The worm closely misses you.
You shoot an arrow. The arrow hits the worm.
The worm is severely wounded.
The kobold hits you but does no damage. Something hits you!
You shoot an arrow. The arrow barely misses the worm.
The kobold closely misses you. The worm barely misses you.
You furiously retaliate!
You headbutt the worm, but do no damage.
You shoot an arrow. The arrow hits the worm!
You kill the worm!
The kobold hits you but does no damage. Something hits you!
You shoot an arrow. The arrow barely misses the kobold.
The kobold hits you but does no damage.
You hear some strange, mumbled words.
You are confused.
The kobold closely misses you.
1818 ||| DRINKING 2 potions of curing.
You feel better.
1818 ||| (to cure confusion)
Something hits you but does no damage. The kobold closely misses you.
You shoot an arrow. The arrow hits the kobold.
You kill the kobold!
Something hits you!
You shoot an arrow. Something hits you.
You shoot an arrow. You shoot an arrow. Something hits you!
You die...

.... ... .#.# #.##.#
.#.####.##.#
.)......##..
%#.......#.#
.#[.##...#.#
.#..##...#.###########.#
.#..#.%..............!.#
....#.#.........@${#
##########...|..#)##
#....###.##.# ###..# #.#
#.# ....# #.# ... #..#.#
#.# ### .##....# #.#
8##..#.# #[# #.##.#


There were no monsters in sight!

Vanquished Creatures
  An iguana (D:3)
  3 adders (D:2)
  2 worms
  A dart slug (D:1)
  2 orcs (D:3)
  3 ball pythons
  3 bats
  5 endoplasms
  2 giant cockroaches
  2 goblins
  3 hobgoblins (D:1)
  8 jackals (D:1)
  8 kobolds
  A quokka (D:2)
  A frilled lizard (D:1)
  A rat (D:3)
46 creatures vanquished.

Notes
Turn   | Place    | Note
-------+----------+-------------------------------------------
     0 | D:1      | qw the Minotaur Hunter began the quest for the Orb.
     0 | D:1      | Reached XP level 1. HP: 18/18 MP: 0/0
     0 | D:1      | 0 ||| qw: Version: 0.2-a-120-gdf1a93b
     0 | D:1      | 0 ||| qw: Game counter: 3023
     0 | D:1      | 0 ||| qw: Always use a shield: true
     0 | D:1      | 0 ||| qw: God list: Okawaru
     0 | D:1      | 0 ||| qw: Allow faded altars: false
     0 | D:1      | 0 ||| qw: Do Orc after D:15 true
     0 | D:1      | 0 ||| qw: Do second Lair branch before Depths: true
     0 | D:1      | 0 ||| qw: Lair rune preference: random
     0 | D:1      | 0 ||| qw: Plans: Normal
     0 | D:1      | 0 ||| PLANNING D:1-11
   176 | D:1      | Reached XP level 2. HP: 25/25 MP: 1/1
   250 | D:1      | Reached skill level 5 in Ranged Weapons
   345 | D:1      | Reached skill level 3 in Fighting
   430 | D:1      | Reached XP level 3. HP: 31/31 MP: 2/2
   527 | D:1      | Found a faded altar of an unknown god.
   831 | D:1      | 831 ||| UPGRADING to +0 cloak.
   836 | D:1      | 836 ||| READING scroll labelled TUJUFO FOGUSH.
   837 | D:1      | 837 ||| READING 2 scrolls labelled OTUEZEGGOG.
   838 | D:1      | 838 ||| READING scroll labelled MOURPH ZUCVAZUHATO.
   839 | D:1      | 839 ||| DROPPING scroll of butterflies.
   872 | D:2      | 872 ||| STAIRDANCE
  1382 | D:2      | Reached XP level 4. HP: 33/38 MP: 3/3
  1555 | D:2      | 1555 ||| UPGRADING to +0 ring mail.
  1565 | D:2      | 1565 ||| DROPPING +0 leather armour.
  1566 | D:2      | 1566 ||| UPGRADING to +0 pair of boots.
  1571 | D:2      | 1571 ||| DRINKING 3 yellow potions.
  1785 | D:3      | Reached skill level 6 in Ranged Weapons
  1805 | D:3      | Noticed Sigmund
  1814 | D:3      | HP: 9/38 [something (9)]
  1816 | D:3      | HP: 1/38 [something (9)]
  1818 | D:3      | 1818 ||| DRINKING 2 potions of curing.
  1818 | D:3      | 1818 ||| (to cure confusion)
  1822 | D:3      | Mangled by Sigmund

Levels and vault maps discovered:
D:1:      heliophobic_arrival_dark_side_of_the_moon, layout_basic,
          shapermc_ecumenical_altar_mp_urbaneastern, nrook_uturn
D:2:      layout_basic
D:3:      layout_loops_ring, nicolae_overflow_hidden_temple, uniq_sigmund,
          uniq_terence, uniq_grinder

Skill      XL: |  1  2  3  4 |
---------------+-------------+-----
Ranged Weapons | 5 6 |  6.0
Fighting       | 3 |  3.1
Armour         | 2 |  2.1
Dodging        | |  2.1
Stealth        | |  0.7

Action                     |  1- 3 |  4- 6 || total
---------------------------+-------+-------++-------
   Fire: Shortbow          |    94 |    46 ||   140
    Use: Scroll            |     3 |       ||     3
         Potion            |       |     2 ||     2
 Armour: Leather armour    |    10 |     1 ||    11
         Ring mail         |       |    15 ||    15
  Dodge: Dodged            |    24 |    20 ||    44

Table legend:
 A = Non-vault XP
 B = Vault XP
 C = Vault XP percentage of total XP
 D = Non-vault monster count
 E = Vault monster count
 F = Vault count percentage of total count
                 A         B        C        D         E       F
            +---------+---------+-------+---------+---------+-------
      Total |     159 |       0 |   0.0 |      46 |       0 |   0.0
            +---------+---------+-------+---------+---------+-------
        D:1 |      52 |       0 |   0.0 |      26 |       0 |   0.0
        D:2 |      49 |       0 |   0.0 |       9 |       0 |   0.0
        D:3 |      58 |       0 |   0.0 |      11 |       0 |   0.0
            +---------+---------+-------+---------+---------+-------
